AoeStats
← Proverbial Monkey

Arabia

509003527Analyzed
1v1 RM · 8d ago on Sep 25, 2026· 22m 25s· 2 players
Game mode
Random Map
Map size
Tiny (2 player)
Population
200
Speed
Normal
Resources
Standard
Victory
Conquest
Starting age
Dark Age
Ending age
Imperial Age
RankedLock teamsTeams togetherTeam positionsShared explorationLock speedFull tech treeHidden civsTurbo modeCheats
Victory
Defeat
🇲🇽 Britons · Mexico
1126
+15
🇧🇷 Varangians · Brazil
1107
-15
valentepqdt
8:23 Loom
11:03 Feudal Age
14:09 Bloodlines
Proverbial Monkey
7:40 Loom
9:41 Feudal Age
10:47 Double-Bit Axe
12:46 Scale Mail Armor
12:52 Man-at-Arms
18:48 Fletching
22:10 Castle Age
21:07 Padded Archer Armor
Connection lost

Rejoining the realm…

Still unreachable

The connection could not be restored.

Session expired

The server has moved on; the page needs a fresh start.